NYP
CINCINNATI (NYP) REDS @ LOS ANGELES (NYP) DODGERS
06/29/2045
 
TOP OF THE 1ST
Cincinnati (NYP) Reds batting - Pitching for Los Angeles (NYP) Dodgers : RHP Pat Adams
Pitching: RHP Pat Adams
Batting: RHB Eric Sullivan 0-0: Foul Ball, location: 2F
0-1: SOLO HOME RUN (Line Drive, 89XD, EV 112.5 MPH), Distance : 431 ft
Batting: RHB Kagetoki Kawai 0-0: Fly out, F9 (Flyball, 9LS, EV 84.4 MPH)
Batting: LHB David Moore 0-0: Ball
1-0: Foul Ball, location: 2F
1-1: Foul Ball, location: 2F
1-2: Foul Ball, location: 2F
1-2: Ball
2-2: Ball
3-2: Base on Balls
Batting: RHB Pat McCoy 0-0: Ball
1-0: Ball
2-0: Foul Ball, location: 2F
2-1: SINGLE (Flyball, 8LS, EV 90.0 MPH)
David Moore to second
Batting: RHB Ben Hinman 0-0: Fly out, F8 (Line Drive, 8LM, EV 93.8 MPH)
Batting: RHB Matt Silva 0-0: Ball
1-0: Ball
Wild Pitch!
David Moore to third
Pat McCoy to second
2-0: SINGLE (Line Drive, 34, EV 103.8 MPH)
David Moore scores
Pat McCoy to third
Runner from 3rd tries for Home, SAFE, throw by RF to home
Batting: RHB Frank Moron 0-0: Ball
Matt Silva steals 2nd base
1-0: Ball
2-0: Ball
3-0: Base on Balls
Batting: SHB Plácido Barrrenho 0-0: Called Strike
0-1: SINGLE (Line Drive, 34D, EV 96.9 MPH)
Matt Silva to third
Frank Moron to second
Throwing error, E9
Matt Silva scores
Frank Moron to third
Plácido Barrrenho to second
Batting: LHB James Himes 0-0: Called Strike
0-1: Ball
1-1: Ball
2-1: Ball
3-1: Called Strike
3-2: Ground out 6-3 (Groundball, 6, EV 105.6 MPH)
Top of the 1st over - 4 runs, 4 hits, 1 error, 2 left on base; Cincinnati (NYP) 4 - Los Angeles (NYP) 0
BOTTOM OF THE 1ST
Los Angeles (NYP) Dodgers batting - Pitching for Cincinnati (NYP) Reds : RHP Joaquin Villalobos
Pitching: RHP Joaquin Villalobos
Batting: LHB Nate Kee 0-0: Called Strike
0-1: Foul Ball, location: 2F
0-2: Ball
1-2: Ball
2-2: Foul Ball, location: 2F
2-2: Foul Ball, location: 2F
2-2: Ball
3-2: Strikes out swinging
Batting: RHB Justin Curran 0-0: Ball
1-0: Called Strike
1-1: Swinging Strike
1-2: Strikes out looking
Batting: RHB Jonathan Kirsch 0-0: Foul Ball, location: 2F
0-1: Ball
1-1: Swinging Strike
1-2: Strikes out swinging
Bottom of the 1st over - 0 runs, 0 hits, 0 errors, 0 left on base; Cincinnati (NYP) 4 - Los Angeles (NYP) 0
TOP OF THE 2ND
Cincinnati (NYP) Reds batting - Pitching for Los Angeles (NYP) Dodgers : RHP Pat Adams
Batting: RHB Eric Sullivan 0-0: Called Strike
0-1: Ball
1-1: Ball
2-1: Foul Ball, location: 2F
2-2: Foul Ball, location: 2F
2-2: Foul Ball, location: 2F
2-2: SINGLE (Groundball, 34D, EV 99.4 MPH)
Batting: RHB Kagetoki Kawai 0-0: Ball
Eric Sullivan steals 2nd base
1-0: Ball
2-0: Ball
3-0: Base on Balls
Batting: LHB David Moore 0-0: Swinging Strike
0-1: SINGLE (Groundball, 6MD, EV 107.5 MPH)
Eric Sullivan to third
Kagetoki Kawai to second
Batting: RHB Pat McCoy 0-0: Ball
1-0: Ball
2-0: Ball
3-0: Base on Balls
Eric Sullivan scores
Kagetoki Kawai to third
David Moore to second
Batting: RHB Ben Hinman 0-0: Swinging Strike
0-1: Called Strike
0-2: Strikes out swinging
Batting: RHB Matt Silva 0-0: Called Strike
0-1: Called Strike
0-2: Ball
1-2: Ball
2-2: Ball
3-2: Base on Balls
Kagetoki Kawai scores
David Moore to third
Pat McCoy to second
Batting: RHB Frank Moron 0-0: Called Strike
0-1: Ball
1-1: Ball
Wild Pitch!
David Moore scores
Pat McCoy to third
Matt Silva to second
2-1: Ball
3-1: Base on Balls
Pitching: RHP Joe Bower
Batting: SHB Plácido Barrrenho Balk!
Pat McCoy scores
Matt Silva to third
Frank Moron to second
0-0: Hit by Pitch
Batting: LHB James Himes 0-0: Ball
1-0: Grounds into fielders choice 1-2 (Groundball, 34S, EV 69.4 MPH)
Frank Moron to third
Plácido Barrrenho to second
Batting: RHB Eric Sullivan 0-0: Ball
1-0: Ball
Balk!
Frank Moron scores
Plácido Barrrenho to third
James Himes to second
2-0: Foul Ball, location: 2F
2-1: Ground out 4-3 (Groundball, 4, EV 76.2 MPH)
Top of the 2nd over - 5 runs, 2 hits, 0 errors, 2 left on base; Cincinnati (NYP) 9 - Los Angeles (NYP) 0
BOTTOM OF THE 2ND
Los Angeles (NYP) Dodgers batting - Pitching for Cincinnati (NYP) Reds : RHP Joaquin Villalobos
Batting: LHB Stephen Van Raalte 0-0: Foul Ball, location: 2F
0-1: Swinging Strike
0-2: Strikes out swinging
Batting: RHB David Watkins 0-0: Called Strike
0-1: Ground out 2-3 (Groundball, 2R, EV 68.8 MPH)
Batting: RHB Gary Ming 0-0: Called Strike
0-1: Ground out 5-3 (Groundball, 56, EV 88.1 MPH)
Bottom of the 2nd over - 0 runs, 0 hits, 0 errors, 0 left on base; Cincinnati (NYP) 9 - Los Angeles (NYP) 0
TOP OF THE 3RD
Cincinnati (NYP) Reds batting - Pitching for Los Angeles (NYP) Dodgers : RHP Joe Bower
Batting: RHB Kagetoki Kawai 0-0: Called Strike
0-1: Called Strike
0-2: Ball
1-2: Ground out 5-3 (Groundball, 56, EV 89.4 MPH)
Batting: LHB David Moore 0-0: Ball
1-0: Foul Ball, location: 2F
1-1: Swinging Strike
1-2: Ball
2-2: Foul Ball, location: 2F
2-2: Ball
3-2: Foul Ball, location: 2F
3-2: Base on Balls
Batting: RHB Pat McCoy 0-0: Called Strike
0-1: 2-RUN HOME RUN (Flyball, 7D, EV 96.2 MPH), Distance : 376 ft
Pitching: RHP Mike Kaczor
Batting: RHB Ben Hinman 0-0: Ball
1-0: Swinging Strike
1-1: SINGLE (Flyball, 3D, EV 103.1 MPH)
Batting: RHB Matt Silva 0-0: Ball
1-0: Ball
Wild Pitch!
Ben Hinman to second
Balk!
Ben Hinman to third
2-0: Called Strike
2-1: Called Strike
2-2: Ball
3-2: Fly out, F8 (Flyball, 8RXD, EV 109.4 MPH)
Runner from 3rd tags up, SCORES, no throw by CF
Batting: RHB Frank Moron 0-0: Ball
1-0: Ball
2-0: Foul Ball, location: 2F
2-1: Ball
3-1: Called Strike
3-2: Base on Balls
Batting: SHB Plácido Barrrenho 0-0: Called Strike
0-1: Called Strike
0-2: Ball
1-2: Ball
2-2: SINGLE (Groundball, 34D, EV 95.0 MPH)
Frank Moron to second
Pitching: RHP Will Barksdale
Batting: LHB James Himes 0-0: Called Strike
0-1: Fielders Choice at 2nd, 6-4 (Groundball, 6D, EV 78.8 MPH)
Top of the 3rd over - 3 runs, 3 hits, 0 errors, 2 left on base; Cincinnati (NYP) 12 - Los Angeles (NYP) 0
BOTTOM OF THE 3RD
Los Angeles (NYP) Dodgers batting - Pitching for Cincinnati (NYP) Reds : RHP Joaquin Villalobos
Batting: RHB Charles Blatchford 0-0: Called Strike
0-1: Foul Ball, location: 2F
0-2: Ball
1-2: Foul Ball, location: 2F
1-2: Strikes out swinging
Batting: LHB Mesfin Azagba 0-0: Fly out, F6 (Flyball, 56D, EV 85.0 MPH)
Batting: SHB Josh Vaill 0-0: Called Strike
0-1: Ball
1-1: Called Strike
1-2: Foul Ball, location: 2F
1-2: Ball
2-2: Strikes out swinging
Bottom of the 3rd over - 0 runs, 0 hits, 0 errors, 0 left on base; Cincinnati (NYP) 12 - Los Angeles (NYP) 0
TOP OF THE 4TH
Cincinnati (NYP) Reds batting - Pitching for Los Angeles (NYP) Dodgers : RHP Will Barksdale
Batting: RHB Eric Sullivan 0-0: Swinging Strike
0-1: Called Strike
0-2: Hit by Pitch
Batting: RHB Kagetoki Kawai 0-0: Called Strike
0-1: Ball
1-1: Ball
2-1: Ball
3-1: Base on Balls
Eric Sullivan to second
Batting: LHB David Moore 0-0: Ball
1-0: Ball
2-0: Called Strike
2-1: Ball
3-1: Base on Balls
Eric Sullivan to third
Kagetoki Kawai to second
Batting: RHB Pat McCoy 0-0: Ball
Passed Ball!
Eric Sullivan scores
Kagetoki Kawai to third
David Moore to second
1-0: Called Strike
1-1: Called Strike
Balk!
Kagetoki Kawai scores
David Moore to third
1-2: Foul Ball, location: 2F
1-2: DOUBLE (Line Drive, 9LM, EV 114.4 MPH)
David Moore scores
Pitching: RHP Luis Hinostroza
Batting: RHB Ben Hinman 0-0: Swinging Strike
0-1: Ball
Wild Pitch!
Pat McCoy to third
1-1: Ball
Balk!
Pat McCoy scores
2-1: Ground out 6-3 (Groundball, 6S, EV 75.0 MPH)
Batting: RHB Matt Silva 0-0: Ball
1-0: Ball
2-0: Called Strike
2-1: SINGLE (Groundball, 6MD, EV 110.0 MPH)
Batting: RHB Frank Moron 0-0: Ball
1-0: Ball
2-0: Called Strike
2-1: Swinging Strike
Balk!
Matt Silva to second
2-2: Ball
Balk!
Matt Silva to third
3-2: Base on Balls
Batting: SHB Plácido Barrrenho 0-0: SINGLE (Line Drive, 89S, EV 94.4 MPH)
Matt Silva scores
Frank Moron to second
Batting: LHB James Himes 0-0: Ball
1-0: Swinging Strike
1-1: Swinging Strike
Passed Ball!
Frank Moron to third
Plácido Barrrenho to second
1-2: Fly out, F7 (Line Drive, 7, EV 102.5 MPH)
Pitching: RHP Ruben Irizarry
Batting: RHB Eric Sullivan 0-0: Ball
1-0: Ball
2-0: Foul Ball, location: 2F
2-1: Foul Ball, location: 2F
2-2: SINGLE (Groundball, 34, EV 86.9 MPH) (infield hit)
Frank Moron scores
Plácido Barrrenho to third
Batting: RHB Kagetoki Kawai 0-0: Called Strike
0-1: Called Strike
0-2: SINGLE (Groundball, 56D, EV 95.0 MPH)
Plácido Barrrenho scores
Eric Sullivan to second
Batting: LHB David Moore Balk!
Eric Sullivan to third
Kagetoki Kawai to second
0-0: Ball
1-0: Ball
2-0: Ball
3-0: Foul Ball, location: 2F
3-1: Foul Ball, location: 2F
3-2: Foul Ball, location: 2F
3-2: Base on Balls
Batting: RHB Pat McCoy 0-0: Ball
1-0: Called Strike
1-1: Hit by Pitch
Eric Sullivan scores
Kagetoki Kawai to third
David Moore to second
Batting: RHB Ben Hinman 0-0: Ball
1-0: Ball
2-0: Ball
3-0: Base on Balls
Kagetoki Kawai scores
David Moore to third
Pat McCoy to second
Batting: RHB Matt Silva 0-0: Ball
1-0: Foul Ball, location: 2F
1-1: Ball
Passed Ball!
David Moore scores
Pat McCoy to third
Ben Hinman to second
2-1: Called Strike
2-2: Foul Ball, location: 2F
2-2: SINGLE (Groundball, 5S, EV 65.0 MPH) (infield hit)
Pat McCoy scores
Ben Hinman to third
Batting: RHB Frank Moron 0-0: Hit by Pitch
Matt Silva to second
Batting: SHB Plácido Barrrenho 0-0: Called Strike
0-1: Ball
1-1: Ground out 5-3 (Groundball, 56S, EV 88.1 MPH)
Top of the 4th over - 11 runs, 6 hits, 0 errors, 3 left on base; Cincinnati (NYP) 23 - Los Angeles (NYP) 0
BOTTOM OF THE 4TH
Los Angeles (NYP) Dodgers batting - Pitching for Cincinnati (NYP) Reds : RHP Joaquin Villalobos
Batting: LHB Nate Kee 0-0: Hit by Pitch
Batting: RHB Justin Curran 0-0: Ball
1-0: Called Strike
1-1: Foul Ball, location: 2F
1-2: Strikes out looking
Batting: RHB Jonathan Kirsch 0-0: Ball
Nate Kee steals 2nd base
1-0: Ball
2-0: Ball
3-0: Called Strike
3-1: Fly out, F9 (Flyball, 89D, EV 82.5 MPH)
Runner from 2nd tags up, SAFE at 3rd, no throw by RF
Batting: LHB Stephen Van Raalte 0-0: Ball
1-0: Swinging Strike
1-1: DOUBLE (Line Drive, 8RXD, EV 107.5 MPH)
Nate Kee scores
Batting: RHB David Watkins 0-0: Called Strike
0-1: Ball
1-1: Foul Ball, location: 2F
1-2: Foul Ball, location: 2F
1-2: Ball
2-2: Fly out, F7 (Flyball, 78D, EV 103.8 MPH)
Bottom of the 4th over - 1 run, 1 hit, 0 errors, 1 left on base; Cincinnati (NYP) 23 - Los Angeles (NYP) 1
TOP OF THE 5TH
Cincinnati (NYP) Reds batting - Pitching for Los Angeles (NYP) Dodgers : RHP Ruben Irizarry
Batting: LHB James Himes 0-0: Ball
1-0: Foul Ball, location: 2F
1-1: Ball
2-1: Fly out, F8 (Flyball, 8LD, EV 102.5 MPH)
Batting: RHB Eric Sullivan 0-0: Ball
1-0: Ball
2-0: Called Strike
2-1: SINGLE (Groundball, 56D, EV 105.6 MPH)
Batting: RHB Kagetoki Kawai 0-0: DOUBLE (Groundball, 5L, EV 103.8 MPH)
Eric Sullivan to third
Runner from 3rd tries for Home, SAFE, throw by LF to trailing runner, SAFE at third!
Batting: LHB David Moore 0-0: Ball
1-0: Ball
2-0: Called Strike
2-1: Ball
3-1: Base on Balls
Batting: RHB Pat McCoy 0-0: Ball
1-0: Swinging Strike
1-1: SINGLE (Line Drive, 7LS, EV 101.2 MPH)
Kagetoki Kawai scores
David Moore to second
Batting: RHB Ben Hinman 0-0: Fly out, F3 (Flyball, 3D, EV 84.4 MPH)
Batting: RHB Matt Silva 0-0: Called Strike
0-1: Called Strike
0-2: Hit by Pitch
David Moore to third
Pat McCoy to second
Batting: RHB Frank Moron 0-0: SINGLE (Line Drive, 78M, EV 101.9 MPH)
David Moore scores
Pat McCoy to third
Matt Silva to second
Batting: SHB Plácido Barrrenho 0-0: Ground out U3 (Groundball, 3, EV 105.6 MPH)
Top of the 5th over - 3 runs, 4 hits, 0 errors, 3 left on base; Cincinnati (NYP) 26 - Los Angeles (NYP) 1
BOTTOM OF THE 5TH
Los Angeles (NYP) Dodgers batting - Pitching for Cincinnati (NYP) Reds : RHP Joaquin Villalobos
Batting: RHB Gary Ming 0-0: Called Strike
0-1: Ball
1-1: Reached on error, E4 (Groundball, 34, EV 101.2 MPH)
Batting: RHB Charles Blatchford 0-0: Ball
1-0: Fielders Choice at 2nd, 5-4 (Groundball, 56, EV 105.6 MPH)
Batting: LHB Mesfin Azagba 0-0: Ball
1-0: Grounds into double play, 3-6-3 (Groundball, 3, EV 81.2 MPH)
Bottom of the 5th over - 0 runs, 0 hits, 1 error, 0 left on base; Cincinnati (NYP) 26 - Los Angeles (NYP) 1
TOP OF THE 6TH
Cincinnati (NYP) Reds batting - Pitching for Los Angeles (NYP) Dodgers : RHP Ruben Irizarry
Batting: LHB James Himes 0-0: SINGLE (Groundball, 56D, EV 104.4 MPH)
Batting: RHB Eric Sullivan 0-0: Ball
1-0: Foul Ball, location: 2F
1-1: Called Strike
1-2: Ball
2-2: Ball
3-2: Base on Balls
James Himes to second
Batting: RHB Kagetoki Kawai 0-0: Called Strike
0-1: Ball
1-1: Swinging Strike
1-2: Foul Ball, location: 2F
1-2: Ball
Wild Pitch!
James Himes to third
Eric Sullivan to second
2-2: Ball
3-2: Base on Balls
Batting: LHB David Moore 0-0: Ball
1-0: Ball
2-0: Ball
Wild Pitch!
James Himes scores
Eric Sullivan to third
Kagetoki Kawai to second
3-0: Called Strike
3-1: Base on Balls
Batting: RHB Pat McCoy 0-0: Fielders Choice at 2nd, 6-4 (Groundball, 6, EV 83.1 MPH)
Eric Sullivan scores
Kagetoki Kawai to third
Batting: RHB Ben Hinman 0-0: Grounds into double play, 4-6-3 (Groundball, 4, EV 76.2 MPH)
Top of the 6th over - 2 runs, 1 hit, 0 errors, 1 left on base; Cincinnati (NYP) 28 - Los Angeles (NYP) 1
BOTTOM OF THE 6TH
Los Angeles (NYP) Dodgers batting - Pitching for Cincinnati (NYP) Reds : RHP Joaquin Villalobos
Batting: SHB Josh Vaill 0-0: Called Strike
0-1: Ball
1-1: Ball
2-1: Ground out 1-3 (Groundball, P, EV 73.1 MPH)
Batting: LHB Nate Kee 0-0: Ball
1-0: Called Strike
1-1: Ball
2-1: Called Strike
2-2: Ball
3-2: Foul Ball, location: 2F
3-2: Strikes out swinging
Batting: RHB Justin Curran 0-0: Swinging Strike
0-1: Foul Ball, location: 2F
0-2: Ball
1-2: Ball
2-2: Fly out, F6 (Line Drive, 6, EV 67.5 MPH)
Bottom of the 6th over - 0 runs, 0 hits, 0 errors, 0 left on base; Cincinnati (NYP) 28 - Los Angeles (NYP) 1
TOP OF THE 7TH
Cincinnati (NYP) Reds batting - Pitching for Los Angeles (NYP) Dodgers : RHP Ruben Irizarry
Batting: RHB Matt Silva 0-0: Ball
1-0: Ground out U3 (Groundball, 34, EV 92.5 MPH)
Batting: RHB Frank Moron 0-0: Ball
1-0: Called Strike
1-1: Foul Ball, location: 2F
1-2: Ball
2-2: Strikes out swinging
Batting: SHB Plácido Barrrenho 0-0: Fly out, F7 (Flyball, 7D, EV 94.4 MPH)
Top of the 7th over - 0 runs, 0 hits, 0 errors, 0 left on base; Cincinnati (NYP) 28 - Los Angeles (NYP) 1
BOTTOM OF THE 7TH
Los Angeles (NYP) Dodgers batting - Pitching for Cincinnati (NYP) Reds : RHP Joaquin Villalobos
Batting: RHB Jonathan Kirsch 0-0: Foul Ball, location: 2F
0-1: SINGLE (Groundball, 56D, EV 108.8 MPH)
Batting: LHB Stephen Van Raalte 0-0: Ball
1-0: Called Strike
1-1: Ball
2-1: Foul Ball, location: 2F
2-2: Foul Ball, location: 2F
2-2: Ball
3-2: Fielders Choice at 2nd, 4-6 (Groundball, 4, EV 106.2 MPH)
Batting: RHB David Watkins 0-0: Fly out, F8 (Flyball, 8RS, EV 85.6 MPH)
Batting: RHB Gary Ming 0-0: Swinging Strike
0-1: Ball
1-1: Called Strike
1-2: Fly out, F4 (Popup, 23, EV 81.2 MPH)
Bottom of the 7th over - 0 runs, 1 hit, 0 errors, 1 left on base; Cincinnati (NYP) 28 - Los Angeles (NYP) 1
TOP OF THE 8TH
Cincinnati (NYP) Reds batting - Pitching for Los Angeles (NYP) Dodgers : RHP Ruben Irizarry
Batting: LHB James Himes 0-0: Ground out U3 (Groundball, 3L, EV 99.4 MPH)
Batting: RHB Eric Sullivan 0-0: Ball
1-0: Foul Ball, location: 2F
1-1: Called Strike
1-2: Strikes out swinging
Batting: RHB Kagetoki Kawai 0-0: Foul Ball, location: 2F
0-1: Foul Ball, location: 2F
0-2: Foul Ball, location: 2F
0-2: Ball
1-2: Ball
2-2: Ball
3-2: Base on Balls
Batting: LHB David Moore 0-0: Called Strike
0-1: Ball
1-1: Ball
2-1: Swinging Strike
2-2: Ball
3-2: Ground out 4-3 (Groundball, 4S, EV 70.0 MPH)
Top of the 8th over - 0 runs, 0 hits, 0 errors, 1 left on base; Cincinnati (NYP) 28 - Los Angeles (NYP) 1
BOTTOM OF THE 8TH
Los Angeles (NYP) Dodgers batting - Pitching for Cincinnati (NYP) Reds : RHP Joaquin Villalobos
Batting: RHB Charles Blatchford 0-0: Called Strike
0-1: Foul Ball, location: 2F
0-2: Foul Ball, location: 2F
0-2: Ground out 6-3 (Groundball, 56D, EV 83.8 MPH)
Batting: LHB Mesfin Azagba 0-0: Ground out 5-3 (Groundball, 56, EV 106.9 MPH)
Batting: SHB Josh Vaill 0-0: Called Strike
0-1: Swinging Strike
0-2: Ball
1-2: Ground out 1-3 (Groundball, 34S, EV 63.8 MPH)
Bottom of the 8th over - 0 runs, 0 hits, 0 errors, 0 left on base; Cincinnati (NYP) 28 - Los Angeles (NYP) 1
TOP OF THE 9TH
Cincinnati (NYP) Reds batting - Pitching for Los Angeles (NYP) Dodgers : RHP Ruben Irizarry
Batting: RHB Pat McCoy 0-0: Fly out, F9 (Flyball, 9, EV 88.8 MPH)
Pinch Hitting: RHB Ernie Noiles 0-0: Called Strike
0-1: Called Strike
0-2: Foul Ball, location: 2F
0-2: Strikes out swinging
Batting: RHB Matt Silva 0-0: Ball
1-0: Fly out, F8 (Line Drive, 8LM, EV 103.1 MPH)
Top of the 9th over - 0 runs, 0 hits, 0 errors, 0 left on base; Cincinnati (NYP) 28 - Los Angeles (NYP) 1
BOTTOM OF THE 9TH
Los Angeles (NYP) Dodgers batting - Pitching for Cincinnati (NYP) Reds : RHP Joaquin Villalobos
Now at 1B: Ernie Noiles
Batting: LHB Nate Kee 0-0: Ball
1-0: Hit by Pitch
Batting: RHB Justin Curran 0-0: Grounds into double play, 4-6-3 (Groundball, 4, EV 91.9 MPH)
Batting: RHB Jonathan Kirsch 0-0: Foul Ball, location: 2F
0-1: Fly out, F4 (Line Drive, 4, EV 66.9 MPH)
Bottom of the 9th over - 0 runs, 0 hits, 0 errors, 0 left on base; Cincinnati (NYP) 28 - Los Angeles (NYP) 1
Wednesday, June 22nd , 2022 - OOTP Baseball 23.4 Build 64